 Dungeon Crawl Stone Soup version 0.29.1-15-g9cfb28693d (webtiles) character file.

Game seed: 659752711895236167

100 hawla the Firebug (level 5, 0/38 HPs)
             Began as a Meteoran Fire Elementalist on Apr 25, 2023.
             Slain by Grinder (3 damage)
             ... on level 3 of the Dungeon.
             The game lasted 00:04:26 (507 turns).

hawla the Firebug (Meteoran Fire Elementalist)       Turns: 507, Time: 00:04:27

Health: 0/38       AC:  3    Str: 10    XL:     5   Next: 25%
Magic:  1/11       EV: 12    Int: 18    God:
Gold:   3          SH:  0    Dex: 14    Spells: 4/11 levels left

rFire   . . .      SeeInvis .   (no weapon)
rCold   . . .      Faith    .   (no shield)
rNeg    . . .      Spirit   .   a - +0 robe
rPois   .          Reflect  .   e - +0 helmet
rElec   .          Harm     .   (no cloak)
rCorr   .          Rampage  .   (no gloves)
Will    .....                   (no boots)
Stlth   +.........              (no amulet)
HPRegen 0.12/turn               (no ring)
MPRegen 0.12/turn               (no ring)

@: brilliant, very slightly contaminated, glowing
A: sense surroundings 1, otherworldly, glowing, explore regen
a: no special abilities


You were on level 3 of the Dungeon.
You visited 1 branch of the dungeon, and saw 4 of its levels.

You collected 23 gold pieces.
You spent 20 gold pieces at shops.

Inventory:

Armour
 a - a +0 robe (worn)
 e - a +0 helmet (worn)
Scrolls
 c - a scroll of blinking {unknown}
 f - 2 scrolls of identify
 g - 2 scrolls of acquirement {unknown}


   Skills:
 - Level 2.8 Dodging
 - Level 1.4 Stealth
 - Level 3.6 Spellcasting
 + Level 3.1 Conjurations
 - Level 4.8 Fire Magic


You had 4 spell levels left.
You knew the following spells:

 Your Spells              Type           Power      Damage    Failure   Level
a - Foxfire               Conj/Fire      100%       2x1d9     3%          1
b - Scorch                Fire           62%        2d8       3%          2
c - Flame Wave            Conj/Fire      26%        2d8       30%         4

Your spell library contained the following spells:

 Spells                   Type           Power      Damage    Failure   Level
 Conjure Flame            Conj/Fire      26%        6-21      9%          3
 Inner Flame              Hex/Fire       17%        N/A       17%         3
 Poisonous Vapours        Pois/Air       8%         N/A       24%         2
 Sublimation of Blood     Necr           4%         N/A       24%         2
 Spider Form              Tmut/Pois      4%         N/A       43%         3
 Corpse Rot               Necr/Pois/Air  4%         N/A       83%         4
 Petrify                  Tmut/Erth      4%         N/A       83%         4
 Irradiate                Conj/Tmut      6%         3d13      92%         5
 Alistair's Intoxication  Tmut/Pois      2%         N/A       99%         5
 Eringya's Noxious Bog    Tmut/Pois      2%         N/A       100%        6


Dungeon Overview and Level Annotations

Branches:
Dungeon (4/15) Zot: 1892
 Temple: D:4-7

Altars:

Shops:
D:1 !   D:3 *

Annotations:
D:3 Grinder


Innate Abilities, Weirdness & Mutations

You passively map a small area around you.
You are easily found by Zot.
You glow in the dark.
You regain HP and MP as you explore.


Message History

Grinder gestures at you. You resist with significant effort.
Your Conjurations skill increases to level 3!
You have reached level 5!
A wave of flame ripples out!
The flame wave engulfs Grinder.
Grinder is moderately wounded.
You hear an angry hiss.
Grinder hits you but does no damage.
A wave of flame ripples out!
The flame wave engulfs Grinder.
Grinder is moderately wounded.
You finish channelling waves of flame.
Grinder closely misses you.
Unknown command.
Casting: Flame Wave (extremely dangerous; 30% risk of failure)
Confirm with . or Enter, or press ? or * to list all spells.
You feel a surge of power!
Flames lash Grinder.
Grinder is severely wounded.
Grinder's fire resistance burns away.
Grinder hits you.
* * * LOW HITPOINT WARNING * * *
You writhe in agony.
* * * LOW HITPOINT WARNING * * *
Casting: Scorch (safe; 3% risk of failure)
Confirm with . or Enter, or press ? or * to list all spells.
You feel a surge of power!
Flames lash Grinder.
Grinder is burned terribly!
Grinder is severely wounded.
Grinder gestures at you. You resist with some effort.
Unknown command.
Casting: Scorch (safe; 3% risk of failure)
Confirm with . or Enter, or press ? or * to list all spells.
You feel a surge of power!
Flames lash Grinder.
Grinder is burned terribly!
Grinder is almost dead.
Grinder hits you.
* * * LOW HITPOINT WARNING * * *
Unknown command.
Casting: Scorch (safe; 3% risk of failure)
Confirm with . or Enter, or press ? or * to list all spells.
You feel a surge of power!
You conjure some foxfire!
Grinder hits you.
* * * LOW HITPOINT WARNING * * *
You writhe in agony.
You die...

*#..##.# #.# ########
#..#.# ####.###....>..
,*
*#...#####........######
###...#....##.##### ,
##...)...#####.## ,
..[...#...## #..#
,###.....†.# #..#
###....5######'## ~ *
#....v@....#∩#
.......v.....#### * , ,
*##................ * ,
* ~ ,
##..............#.. , *
#..........##... .<. ,
#......>...#*$### #?
#..........# .. * , ,
#.)..#...### ## * * * *


You could see Grinder (combustible, ally target).

Vanquished Creatures
  An orc priest (D:4)
  Ijyb (D:3)
  2 adders (D:3)
  An orc (D:4)
  5 bats
  2 endoplasms
  A giant cockroach (D:1)
  3 goblins
  3 hobgoblins
  2 jackals (D:2)
  2 kobolds (D:1)
  2 rats (D:3)
25 creatures vanquished.

Vanquished Creatures (others)
  46 foxfires
46 creatures vanquished.

Grand Total: 71 creatures vanquished

Notes
Turn   | Place    | Note
-------+----------+-------------------------------------------
     0 | D:1      | hawla the Meteoran Fire Elementalist began the quest for
                  | the Orb.
     0 | D:1      | Reached XP level 1. HP: 14/14 MP: 5/5
    56 | D:1      | Reached XP level 2. HP: 20/20 MP: 2/6
    58 | D:1      | Reached skill level 4 in Fire Magic
    61 | D:1      | Learned a level 2 spell: Scorch
   135 | D:1      | Found Seywoxko's Distillery.
   363 | D:2      | Got the Cyclopedia of the Spider
   390 | D:2      | Reached XP level 3. HP: 26/26 MP: 5/8
   426 | D:4      | Reached XP level 4. HP: 33/33 MP: 0/10
   433 | D:3      | Learned a level 4 spell: Flame Wave
   459 | D:3      | Found Kadu's General Store.
   462 | D:3      | Bought a scroll of identify for 20 gold pieces
   474 | D:3      | Noticed Ijyb
   489 | D:3      | Noticed Grinder
   501 | D:3      | Killed Ijyb
   502 | D:3      | Reached XP level 5. HP: 12/38 MP: 6/11
   507 | D:3      | Slain by Grinder

Illustrated notes

Levels and vault maps discovered:
D:1:      lightli_arrival_quake, layout_rooms, serial_shops, nicolae_shop_trees
D:2:      layout_basic, minmay_unequal
D:3:      layout_rooms, nicolae_overflow_squiral,
          dreamdust_ecumenical_altar_sealed_demon, serial_shops,
          nicolae_shop_crystal, shop, shop, shop, nicolae_shop_window_shopping,
          kennysheep_jessica_study, uniq_grinder, uniq_ijyb
D:4:      layout_gridville, minmay_temple_entry_stoned_glass, nrook_campfire,
          uniq_robin, uniq_pikel, uniq_edmund

Skill      XL: |  1  2  3  4 |
---------------+-------------+-----
Fire Magic     | 4 |  4.8
Spellcasting   | 3 |  3.6
Conjurations   | 3 |  3.1
Dodging        | |  2.8
Stealth        | |  1.4

Action                   |  1- 3 |  4- 6 || total
-------------------------+-------+-------++-------
Melee: Unarmed           |     5 |     7 ||    12
 Cast: Foxfire           |    26 |     4 ||    30
       Scorch            |     2 |     5 ||     7
       Flame Wave        |       |     2 ||     2
  Use: Potion            |       |     2 ||     2
Armor: Robe              |     3 |    11 ||    14
Dodge: Dodged            |    10 |    22 ||    32
